 Dungeon Crawl Stone Soup version 0.24-a0-235-g3f03afcf10 (webtiles) character file.

Game seed: 12458835897669120924

4291 MrRokkomies the Fighter (level 10, -2/110 HPs)
             Began as an Ogre Hunter on Apr 7, 2019.
             Slain by an orc warrior
             ... wielding a +0 hand axe
              (11 damage)
             ... in a bailey.
             The game lasted 00:25:43 (7120 turns).

MrRokkomies the Fighter (Ogre Hunter)               Turns: 7120, Time: 00:25:44

Health: -2/110     AC: 10    Str: 18    XL:     10   Next: 32%
Magic:  10/10      EV: 13    Int: 13    God:
Gold:   451        SH:  0    Dex: 14    Spells: 5/9 levels left

rFire    + + .     SeeInvis .   l - +5 morningstar (flame)
rCold    . . .     Gourm    .   (no shield)
rNeg     . . .     Faith    .   r - +0 robe of the Big Bang {rF++ Stlth+}
rPois    .         Spirit   .   (helmet restricted)
rElec    .         Reflect  .   F - +2 cloak
rCorr    .         Harm     .   (gloves unavailable)
MR       +....                  (boots unavailable)
Stlth    +++.......             (no amulet)
HPRegen  0.28/turn              h - +4 ring of protection
MPRegen  0.12/turn              A - +3 ring of dexterity

@: no status effects
A: large, unfitting armour, tough skin 1
a: no special abilities


You were in a bailey.
You were hungry.

You visited 1 branch of the dungeon, and saw 9 of its levels.
You also visited: Sewer, Ossuary and Bailey.

You collected 451 gold pieces.

Inventory:

Hand Weapons
 a - a +0 morningstar of protection
 l - a +5 morningstar of flaming (weapon)
Missiles
 d - 2 throwing nets
 e - 147 stones (quivered)
 m - 4 poisoned needles
 p - 4 large rocks
 I - 5 tomahawks
Armour
 r - the +0 robe of the Big Bang (worn) {rF++ Stlth+}
   (You found it on level 4 of the Dungeon)

   It greatly protects you from fire.
   It makes you more stealthy.
 F - a +2 cloak (worn)
Magical Staves
 b - an uncursed staff of wizardry
Jewellery
 h - a +4 ring of protection (left hand)
 v - an uncursed ring of flight
 x - an uncursed ring of fire
 y - an uncursed ring of fire
 A - a +3 ring of dexterity (right hand)
Wands
 k - a wand of paralysis (5)
 u - a wand of disintegration (21)
 C - a wand of scattershot (7)
Scrolls
 c - a scroll of acquirement {unknown}
 g - 3 scrolls of teleportation
 j - a scroll of fear
 n - 2 scrolls of fog
 o - 3 scrolls of amnesia
 q - 6 scrolls of remove curse
 s - 3 scrolls of enchant armour
Potions
 i - 6 potions of curing
 w - 4 potions of might
 B - 2 potions of brilliance
 G - 2 potions of flight
 H - 2 potions of mutation {unknown}
Comestibles
 f - 4 rations


   Skills:
 - Level 10.0 Fighting
   Level 0.3 Long Blades
 + Level 5.8 Maces & Flails
 - Level 10.0 Throwing
 * Level 5.5 Dodging
 - Level 0.6 Stealth
 * Level 1.1 Hexes


You had 5 spell levels left.
You knew the following spells:

 Your Spells              Type           Power        Failure   Level  Hunger
a - Animate Skeleton      Necr           N/A          30%         1    ##.....
b - Confusing Touch       Hex            #.....       21%         1    ##.....
c - Swiftness             Chrm/Air       #.......     43%         2    ###....

Your spell library contained the following spells:

 Spells                   Type           Power        Failure   Level  Hunger
 Corona                   Hex            #......      21%         1    ##.....
 Apportation              Tloc           #.....       30%         1    ##.....
 Shock                    Conj/Air       #...         30%         1    ##.....
 Summon Small Mammal      Summ           #...         30%         1    ##.....
 Ensorcelled Hibernation  Hex/Ice        #.....       36%         2    ###....
 Confuse                  Hex            #.......     52%         3    ####...
 Tukima's Dance           Hex            #.......     52%         3    ####...
 Dazzling Spray           Conj/Hex       #.....       58%         3    ####...
 Static Discharge         Conj/Air       #.......     67%         3    ####...
 Airstrike                Air            #.........   97%         4    #####..
 Lightning Bolt           Conj/Air       #.........   100%        5    ######.


Dungeon Overview and Level Annotations

Branches:
Dungeon (10/15)
 Temple: D:4-7         Lair: D:8-11         Orc: D:9-12

Altars:
Gozag
Trog

Shops:
D:5 (

Annotations:
D:10 Joseph


Innate Abilities, Weirdness & Mutations

You are too large for most types of armour.
You have tough skin. (AC +1)


Message History

There is an open gate here.
Items here: )) [[ a +0 hand axe; a +0 leather armour; a +0 hand axe; a +0 leather armour
Items here: )) [[ a +0 hand axe; a +0 leather armour; a +0 hand axe; a +0 ring mail
Things that are here:
a +0 hand axe; a +0 leather armour Fire/throw which item? (* to show all) (? for menu, Esc to quit)
That's the wrong kind of item! (Use * to select it.) Fire/throw which item? (* to show all) (? for menu, Esc to quit)
Okay, then.
Unknown command.
Fire/throw which item? (* to show all) (? for menu, Esc to quit)
Throwing (i - inventory. (/) - cycle)
e - 147 stones (quivered)
Press: ? - help, Shift-Dir - straight line, f - orc warrior
Aim: an orc warrior, wielding a +0 hand axe and wearing a +0 ring mail (severely wounded)
You throw a large rock.
The large rock completely misses the orc warrior.
The orc warrior hits you with a +0 hand axe!
You die... 7777777

7...7.777
7777..)@...7
7...).[o...7
7.....\....77
77..........7
7.....\)....7
77..))))...77
77.).)))..7
7##''(##77
##...).##


You could see an orc warrior.

Vanquished Creatures
  2 orc knights (Bailey)
  Grinder (D:3)
  Sigmund (D:4)
  An ice beast (D:6)
  12 orc warriors (Bailey)
  A sky beast (D:6)
  A centaur (D:5)
  A big kobold (Sewer)
  4 wights (D:6)
  A howler monkey (D:4)
  2 crimson imps (D:5)
  A centaur zombie (Ossuary)
  5 bullfrog zombies
  5 orc wizards
  A bullfrog skeleton (D:4)
  Crazy Yiuf (D:5)
  Jessica (D:2)
  Ijyb (D:3)
  4 worker ants
  A killer bee zombie (Ossuary)
  4 hound zombies
  12 mummies (Ossuary)
  A howler monkey zombie (Ossuary)
  12 gnolls (Bailey)
  4 worker ant zombies
  12 adders
  2 river rats (Sewer)
  4 oozes
  An adder skeleton (D:5)
  2 adder zombies
  3 worms
  2 dart slugs (D:1)
  3 leopard geckos
  19 orcs
  3 bats
  5 giant cockroaches
  27 goblins
  20 hobgoblins
  11 jackals
  5 quokkas
  2 ball pythons (D:6)
  A ball python zombie (Ossuary)
  7 frilled lizards
  A giant cockroach zombie (Ossuary)
  10 kobolds
  A kobold zombie (D:5)
  A leopard gecko zombie (Ossuary)
  An orc zombie (D:5)
  6 rats
229 creatures vanquished.

Vanquished Creatures (collateral kills)
  A hobgoblin (Bailey)
1 creature vanquished.

Vanquished Creatures (others)
  An orc wizard (D:6)
  2 withered plants (Ossuary)
3 creatures vanquished.

Grand Total: 233 creatures vanquished

Notes
Turn   | Place    | Note
-------+----------+-------------------------------------------
     0 | D:1      | MrRokkomies the Ogre Hunter began the quest for the Orb.
     0 | D:1      | Reached XP level 1. HP: 22/22 MP: 1/1
   421 | D:1      | Reached XP level 2. HP: 31/31 MP: 2/2
   773 | D:1      | Reached XP level 3. HP: 36/39 MP: 3/3
   918 | D:2      | Noticed Jessica
   922 | D:2      | Killed Jessica
   925 | D:2      | Reached XP level 4. HP: 37/49 MP: 4/4
  1393 | D:2      | Reached skill level 5 in Throwing
  1700 | D:3      | Noticed Grinder
  1700 | D:3      | Noticed Ijyb
  1818 | D:4      | Reached skill level 5 in Fighting
  1818 | D:4      | Reached XP level 5. HP: 51/57 MP: 5/5
  1819 | D:4      | Got a crude robe
  1830 | D:4      | Identified the +0 robe of the Big Bang {rF++ Stlth+} (You
                  | found it on level 4 of the Dungeon)
  1863 | D:3      | Paralysed by Grinder for 6 turns
  2106 | D:3      | Killed Grinder
  2106 | D:3      | Reached skill level 1 in Maces & Flails
  2106 | D:3      | Reached XP level 6. HP: 34/67 MP: 6/6
  2359 | D:3      | Killed Ijyb
  2777 | D:4      | Noticed Sigmund
  2786 | D:4      | Learned a level 1 spell: Animate Skeleton
  2788 | D:4      | Learned a level 1 spell: Confusing Touch
  2795 | D:4      | Killed Sigmund
  2795 | D:4      | Reached XP level 7. HP: 72/76 MP: 7/7
  3112 | D:4      | Found a bloodstained altar of Trog.
  3293 | D:5      | Entered Level 5 of the Dungeon
  3316 | D:5      | Found an opulent altar of Gozag.
  3397 | D:5      | Found Veikluzei's Weapon Shoppe.
  3602 | D:5      | Found a sand-covered staircase.
  3618 | Ossuary  | Entered an ossuary
  3632 | Ossuary  | Reached XP level 8. HP: 85/88 MP: 8/8
  4403 | D:5      | Found a runed translucent door.
  4404 | D:5      | Noticed Crazy Yiuf
  4482 | D:5      | Learned a level 2 spell: Swiftness
  4700 | D:5      | Killed Crazy Yiuf
  4792 | D:6      | Found a glowing drain.
  4806 | Sewer    | Entered a sewer
  4918 | Sewer    | Found a white marble altar of Elyvilon.
  5019 | D:6      | Reached XP level 9. HP: 101/101 MP: 9/9
  5355 | D:6      | Reached skill level 10 in Fighting
  5889 | D:7      | You fall through a shaft for 3 floors!
  5889 | D:10     | Entered Level 10 of the Dungeon
  5890 | D:10     | Noticed a two-headed ogre
  5897 | D:10     | Noticed Joseph
  5999 | D:9      | Found a flagged portal.
  6012 | Bailey   | Entered a bailey
  6398 | Bailey   | Noticed an orc knight
  6598 | Bailey   | Noticed an orc warlord
  6636 | Bailey   | Killed an orc knight
  6636 | Bailey   | Reached skill level 5 in Maces & Flails
  6732 | Bailey   | Reached XP level 10. HP: 29/110 MP: 10/10
  6804 | Bailey   | Reached skill level 10 in Throwing
  7004 | Bailey   | Noticed an orc knight
  7019 | Bailey   | Killed an orc knight
  7019 | Bailey   | Reached skill level 5 in Dodging
  7100 | Bailey   | Reached skill level 1 in Hexes
  7120 | Bailey   | Slain by an orc warrior

Levels and vault maps discovered:
D:1:      mrwooster_arrival_arrow, layout_loops_cross, feat_on_display
D:2:      layout_loops_ring, uniq_jessica
D:3:      minmay_general_purpose_star, layout_rooms, chequers_jeans,
          uniq_grinder, uniq_ijyb
D:4:      layout_cave_pools, bloody_trog, uniq_sigmund
D:5:      layout_cave_pools, serial_shops, shop, first_ration, enter_ossuary_3,
          grunt_gozag_breadcrumbs, uniq_crazy_yiuf_cottage
D:6:      layout_basic, cheibrodos_sewer_entry_drain
D:7:      layout_loops_cross, vehumet_crystals, minmay_temple_entry_poolview,
          gammafunk_ghost_mausoleum, kennysheep_dice
D:9:      wander_river, layout_stronghold, minitemple, enter_bailey_3,
          serial_shops, shop, minmay_strange_pillars, palyth_stone_intersect,
          kennysheep_just_a_vault, uniq_prince_ribbit1
D:10:     layout_cave_pods, grunt_tengu_nest, minmay_gold_behind_fungi,
          uniq_joseph, uniq_erica
Sewer:    sewer_kobolds
Ossuary:  ossuary_zaba_flooded
Bailey:   bailey_axe_minmay_hex_keep, bailey

Skill      XL: |  1  2  3  4  5  6  7  8  9 10 |
---------------+-------------------------------+-----
Fighting       | 3 4 5 6 7 9 10 | 10.0
Throwing       | 5 6 8 9 10 | 10.0
Maces & Flails | 1 2 3 5 |  5.8
Dodging        | 4 5 |  5.5
Hexes          | 1 |  1.1
Long Blades    | |  0.3
Stealth        | |  0.6

Action                   |  1- 3 |  4- 6 |  7- 9 | 10-12 || total
-------------------------+-------+-------+-------+-------++-------
Melee: Short sword       |    93 |     7 |       |       ||   100
       Great sword       |       |    52 |       |       ||    52
       Morningstar       |       |    74 |   620 |    53 ||   747
Throw: Stone             |    14 |     1 |   102 |    32 ||   149
       Large rock        |     2 |     9 |     9 |     1 ||    21
       Tomahawk          |       |       |     7 |     3 ||    10
       Throwing net      |       |       |       |     1 ||     1
 Cast: Animate Skeleton  |       |       |     7 |       ||     7
 Abil: Evoke Flight      |       |       |     1 |       ||     1
Evoke: Wand              |       |       |     6 |       ||     6
  Use: Scroll            |     5 |     8 |    11 |     1 ||    25
       Potion            |       |     2 |     7 |     1 ||    10
 Stab: Sleeping          |     1 |     5 |    10 |       ||    16
       Distracted        |       |       |     2 |       ||     2
       Held in net/web   |       |       |       |     1 ||     1
  Eat: Chunk             |       |     6 |     5 |     1 ||    12
       Ration            |       |       |     3 |       ||     3
Armor: Robe              |    41 |    94 |   374 |    11 ||   520
Dodge: Dodged            |    65 |   100 |   335 |    22 ||   522
       Rpst.: Great sword |       |    17 |       |       ||    17

Table legend:
 A = Non-vault XP
 B = Vault XP
 C = Vault XP percentage of total XP
 D = Non-vault monster count
 E = Vault monster count
 F = Vault count percentage of total count
                 A         B        C        D         E       F
            +---------+---------+-------+---------+---------+-------
      Total |    1563 |    4568 |  74.5 |     117 |     114 |  49.4
            +---------+---------+-------+---------+---------+-------
        D:1 |      38 |       0 |   0.0 |      20 |       0 |   0.0
        D:2 |      57 |      37 |  39.4 |      22 |       1 |   4.3
        D:3 |      55 |     343 |  86.2 |      16 |       6 |  27.3
        D:4 |     194 |     208 |  51.7 |      13 |       1 |   7.1
        D:5 |     395 |      39 |   9.0 |      20 |       3 |  13.0
        D:6 |     824 |      10 |   1.2 |      26 |       2 |   7.1
        D:9 |       0 |       8 | 100.0 |       0 |       4 | 100.0
      Sewer |       0 |     139 | 100.0 |       0 |       9 | 100.0
    Ossuary |       0 |     696 | 100.0 |       0 |      28 | 100.0
     Bailey |       0 |    3088 | 100.0 |       0 |      60 | 100.0
            +---------+---------+-------+---------+---------+-------
